 Dungeon Crawl Stone Soup version 0.31-a0-819-gf6de2f5ab6 (webtiles) character file.

Game seed: 16353091322690483839

1687 randomguy2701 the Destabilizer (level 9, -7/65 HPs)
             Began as a Gnoll Wanderer on Sept 24, 2023.
             Was an Initiate of Gozag.
             Killed from afar by an electric eel (10 damage)
             ... with a bolt of electricity
             ... on level 6 of the Dungeon.
             The game lasted 00:11:56 (7317 turns).

randomguy2701 the Destabilizer (Gnoll Wanderer)     Turns: 7317, Time: 00:11:56

Health: -7/65      AC:  4    Str:  8    XL:     9   Next: 2%
Magic:  13/16      EV: 14    Int: 13    God:    Gozag
Gold:   396        SH:  5    Dex: 18    Spells: 16/17 levels left

rFire   . . .        o - +2 spear (freeze)
rCold   . . .        (no shield)
rNeg    . . .        B - +0 leather armour
rPois   .            b - +0 helmet
rElec   .            (no cloak)
rCorr   .            (no gloves)
SInv    .            (no boots)
Will    .....        z - amulet of reflection
Stlth   ++           (no ring)
HPRegen 0.30/turn    (no ring)
MPRegen 0.15/turn

%: reflection
@: about to teleport, gold aura, very slow
A: fangs 1, strong nose, distributed training
a: Renounce Religion, Potion Petition, Call Merchant, Bribe Branch


You were on level 6 of the Dungeon.
You worshipped Gozag.
Gozag was aware of your devotion.
You visited 2 branches of the dungeon, and saw 7 of its levels.

You collected 474 gold pieces.
You paid 78 gold pieces to Gozag.

Inventory:

Hand Weapons
 a - a +0 dagger
 o - a +2 spear of freezing (weapon)
Armour
 b - a +0 helmet (worn)
 B - a +0 leather armour (worn)
Jewellery
 z - an amulet of reflection (around neck)
Wands
 v - a wand of mindburst (14)
 D - a wand of charming (1)
Scrolls
 c - a scroll of teleportation
 e - 2 scrolls of silence
 f - 6 scrolls of identify
 g - 2 scrolls of immolation {unknown}
 h - 3 scrolls of revelation {unknown}
 j - 2 scrolls of noise {unknown}
 k - 3 scrolls of enchant armour {unknown}
 n - a scroll of blinking {unknown}
 p - a scroll of poison {unknown}
 q - a scroll of butterflies {unknown}
 r - 3 scrolls of fear {unknown}
 s - a scroll of torment {unknown}
 y - a scroll of fog {unknown}
 A - a scroll of brand weapon {unknown}
 E - a scroll of amnesia {unknown}
Potions
 d - a potion of attraction {unknown}
 i - 8 potions of curing
 l - 4 potions of lignification
 m - 2 potions of berserk rage {unknown}
 t - 4 potions of heal wounds {unknown}
 u - a potion of ambrosia {unknown}
 w - a potion of degeneration {unknown}
 x - 2 potions of invisibility {unknown}
 C - a potion of haste {unknown}
 F - 2 potions of brilliance {unknown}
 G - a potion of resistance {unknown}


   Skills:
 + Level 3.8 Fighting
 + Level 3.8 Short Blades
 + Level 3.8 Long Blades
 + Level 3.8 Axes
 + Level 3.8 Maces & Flails
 + Level 3.8 Polearms
 + Level 3.8 Staves
 + Level 3.8 Ranged Weapons
 + Level 4.7 Throwing
 + Level 4.7 Armour
 + Level 6.0 Dodging
 + Level 3.8 Stealth
 + Level 3.8 Shields
 + Level 6.0 Unarmed Combat
 + Level 4.8 Spellcasting
 + Level 3.1 Conjurations
 + Level 3.1 Hexes
 + Level 3.1 Summonings
 + Level 3.1 Necromancy
 + Level 3.1 Translocations
 + Level 6.3 Transmutations
 + Level 3.1 Fire Magic
 + Level 3.1 Ice Magic
 + Level 3.1 Air Magic
 + Level 3.1 Earth Magic
 + Level 3.1 Poison Magic
 + Level 4.2 Invocations
 + Level 3.8 Evocations
 + Level 3.5 Shapeshifting


You had 16 spell levels left.
You knew the following spells:

 Your Spells              Type           Power      Damage    Failure   Level
a - Sting                 Tmut/Pois      60%        1d6       3%          1

Your spell library contained the following spells:

 Spells                   Type           Power      Damage    Failure   Level
 Passwall                 Tmut/Erth      12%        N/A       5%          2
 Apportation              Tloc           22%        N/A       7%          1
 Jinxbite                 Hex            22%        N/A       11%         2
 Sublimation of Blood     Necr           11%        N/A       11%         2
 Petrify                  Tmut/Erth      15%        N/A       34%         4
 Alistair's Intoxication  Tmut/Pois      10%        N/A       69%         5
 Irradiate                Conj/Tmut      7%         3d14      69%         5
 Chain Lightning          Conj/Air       5%         3d7       100%        9
 Fire Storm               Conj/Fire      5%         8d2       100%        9
 Shatter                  Erth           5%         3d8*      100%        9


Dungeon Overview and Level Annotations

Branches:
Dungeon (6/15)             Temple (1/1) D:4

Altars:
Ashenzari
Cheibriados
Gozag
Hepliaklqana
Kikubaaqudgha
Makhleb
Nemelex Xobeh
Okawaru
Qazlal
Ru
Sif Muna
Trog
Uskayaw
Xom
Yredelemnul
Zin
The Shining One


Innate Abilities, Weirdness & Mutations

You have very sharp teeth.
Your uncanny sense of smell can sniff out nearby items.
Your experience applies equally to all skills.


Message History

Your steam dragon bites the sleepcap.
Your steam dragon completely misses the sleepcap.
The shadow imp hits you but does no damage.
Aiming: Charm
Press: ? - help, Q - select action, (/) - cycle Shift-Dir - straight line, f/p - sleepcap
Aim: a sleepcap (lightly damaged, ally target, chance to affect: 67%)
The sleepcap is charmed.
The shadow imp splashes around in the water.
The shadow imp shouts, "Remove thy stench, thou simpering tickle-brained flim-flammer!"
The shadow imp splashes around in the water.
The shadow imp hits your sleepcap.
A manticore comes into view.
The shadow imp grins evilly.
The shadow imp gestures at you.
Your steam dragon struggles to resist.
The shadow imp gestures at you.
Your steam dragon writhes in agony!
As you read the scroll of teleportation, it crumbles to dust.
You feel strangely unstable.
Your steam dragon breathes steam at the shadow imp.
The ball of steam hits the shadow imp!
The shadow imp dies!
You hear a shout!
You hear an angry hiss.
Your surroundings suddenly seem different.
Splash!
An iguana and a centaur come into view.
The iguana hisses angrily.
The centaur wields a +1 orcbow of flaming.
It bursts into flame!
The centaur shoots an arrow.
The arrow misses you.
The electric eel shoots out a bolt of lightning at you!
The bolt of electricity hits you!
* * * LOW HITPOINT WARNING * * *
As you read the scroll of teleportation, it crumbles to dust.
You feel strangely unstable.
The centaur shoots an arrow.
The arrow closely misses you.
The centaur is distracted by your dazzling golden aura.
The electric eel shoots out a bolt of lightning at you!
The bolt of electricity hits you!
You die...
Your body crumbles into a pile of gold.

#.# ############............#
#.# #....................###.
#.# #.###############++### #.#
#.# #~~~.)~~~## #.###.#######
#~~~~..~~~~## #...........#
#~~~~~..~~~~~## #####...###.#
#~~~~~~..~~~§~~#
######.###.##~~~~~~~..§§§§§~f
##...#...#..#@~~~~~~~..~~§H~~D
##...........#~~~~~~~S..~~~~~~~
#......<..#.##~~~~~~~♣..♣~~~~~~
#...........##~~~~~~~....~~~~~~
#.<......#####~~~~~~~....~~~~~~
##.....#.# #~~~~~l~♣$!♣~~~~~~
##...##.#####~~~~~~~c..~~~~~~~
##.###.....#~~~~~~~~..~~~~~~~
#......##### ~~~~~~..~~~o~~~


You could see a centaur (unaware), an iguana and an electric eel.

Vanquished Creatures
  Pikel (D:4)
  Grinder (D:5)
  Sigmund (D:5)
  A water moccasin (D:6)
  An ice beast (D:5)
  An ogre (D:4)
  2 lemures (D:4)
  A bullfrog (D:5)
  A scorpion (D:3)
  2 hounds (D:5)
  A jelly (D:5)
  A sleepcap (D:5)
  2 iguanas (D:6)
  Robin (D:4)
  3 gnolls (D:4)
  11 adders
  A shadow imp (D:5)
  2 white imps (D:5)
  An ufetubus (D:3)
  4 worms
  7 dart slugs
  8 orcs
  5 endoplasms
  6 giant cockroaches
  13 goblins
  20 hobgoblins
  A jackal (D:3)
  8 kobolds
  9 quokkas
  6 ball pythons
  4 bats
  10 frilled lizards
  13 rats
149 creatures vanquished.

Vanquished Creatures (collateral kills)
  A shadow imp (D:6)
1 creature vanquished.

Vanquished Creatures (others)
  A steam dragon (D:6)
1 creature vanquished.

Grand Total: 151 creatures vanquished

Notes
Turn   | Place    | Note
-------+----------+-------------------------------------------
     0 | D:1      | randomguy2701 the Gnoll Wanderer began the quest for the
                  | Orb.
     0 | D:1      | randomguy2701 set off with the following items: a +0
                  | dagger, a +0 helmet, a scroll of teleportation, a +0 robe,
                  | a scroll of silence; and the following spell memorised:
                  | Sting; and the following spells available to memorise:
                  | Passwall, Petrify.
     0 | D:1      | Reached XP level 1. HP: 13/13 MP: 4/4
   275 | D:1      | Reached XP level 2. HP: 19/19 MP: 1/5
  1222 | D:2      | Reached XP level 3. HP: 25/25 MP: 1/7
  1522 | D:2      | Reached skill level 1 in Invocations
  1675 | D:2      | Found a shimmering blue altar of Sif Muna.
  1851 | D:2      | Reached skill level 1 in Fighting
  1851 | D:2      | Reached skill level 1 in Short Blades
  1851 | D:2      | Reached skill level 1 in Long Blades
  1851 | D:2      | Reached skill level 1 in Axes
  1851 | D:2      | Reached skill level 1 in Maces & Flails
  1851 | D:2      | Reached skill level 1 in Polearms
  1851 | D:2      | Reached skill level 1 in Staves
  1851 | D:2      | Reached skill level 1 in Ranged Weapons
  1851 | D:2      | Reached skill level 1 in Stealth
  1851 | D:2      | Reached skill level 1 in Shields
  1851 | D:2      | Reached skill level 1 in Evocations
  1962 | D:3      | Reached XP level 4. HP: 29/32 MP: 8/8
  2029 | D:3      | Reached skill level 1 in Shapeshifting
  2250 | D:3      | Reached skill level 1 in Conjurations
  2250 | D:3      | Reached skill level 1 in Hexes
  2250 | D:3      | Reached skill level 1 in Summonings
  2250 | D:3      | Reached skill level 1 in Necromancy
  2250 | D:3      | Reached skill level 1 in Translocations
  2250 | D:3      | Reached skill level 1 in Fire Magic
  2250 | D:3      | Reached skill level 1 in Ice Magic
  2250 | D:3      | Reached skill level 1 in Air Magic
  2250 | D:3      | Reached skill level 1 in Earth Magic
  2250 | D:3      | Reached skill level 1 in Poison Magic
  2326 | D:3      | Found a sparkling altar of Nemelex Xobeh.
  2600 | D:3      | Reached XP level 5. HP: 34/37 MP: 2/9
  2759 | D:3      | Found a hide-covered altar of Uskayaw.
  3233 | D:4      | Noticed a lemure
  3236 | D:4      | Noticed a lemure
  3237 | D:4      | Noticed Pikel
  3591 | D:4      | Found an ancient bone altar of Kikubaaqudgha.
  3852 | D:4      | Killed a lemure
  3935 | D:4      | Noticed a lemure
  3943 | D:4      | Reached XP level 6. HP: 37/44 MP: 7/11
  4086 | D:4      | Killed Pikel
  4087 | D:4      | Reached skill level 5 in Dodging
  4087 | D:4      | Reached skill level 5 in Unarmed Combat
  4087 | D:4      | Reached XP level 7. HP: 33/51 MP: 5/12
  4286 | D:4      | Noticed Robin
  4295 | D:4      | Killed Robin
  4935 | D:4      | Found a staircase to the Ecumenical Temple.
  4941 | D:4      | Reached XP level 8. HP: 53/57 MP: 8/14
  5247 | Temple   | Entered the Ecumenical Temple
  5263 | Temple   | Became a worshipper of Gozag Ym Sagoz the Greedy
  5331 | D:5      | Entered Level 5 of the Dungeon
  5780 | D:5      | Noticed Sigmund
  5807 | D:5      | Killed Sigmund
  6063 | D:5      | Noticed Grinder
  6072 | D:5      | Paralysed by Grinder for 4 turns
  6092 | D:5      | Killed Grinder
  7136 | D:6      | Found a glowing golden altar of the Shining One.
  7283 | D:6      | Noticed a gargoyle
  7304 | D:6      | Reached XP level 9. HP: 36/65 MP: 10/16
  7312 | D:6      | Noticed a manticore
  7316 | D:6      | HP: 2/65 [electric eel/bolt of electricity (11)]
  7317 | D:6      | Killed from afar by an electric eel

Illustrated notes

Levels and vault maps discovered:
D:1:      onia_arrival_mini_maze_b, layout_basic
D:2:      layout_rooms, basic_altar
D:3:      minmay_chambers_of_threes, layout_basic,
          eat_drink_and_be_merry_uskayaw, amcnicky_altar_gilded,
          hangedman_feature_mirror, minmay_joined_circles
D:4:      layout_loops_corners, marbit_many_paths, minmay_temple_entry_statues,
          uniq_robin, uniq_pikel
D:5:      layout_loops_ring, serial_bayou_lake_a, uniq_grinder, uniq_sigmund
D:6:      kennysheep_big_flooded_room, layout_loops_ring,
          mainiacjoe_overflow_catwalk
Temple:   compressed_dpeg_triangle_lava_temple

Skill      XL: |  1  2  3  4  5  6  7  8 |
---------------+-------------------------+-----
Invocations    | 1 2 3 4 |  4.2
Fighting       | 1 2 3 |  3.8
Short Blades   | 1 2 3 |  3.8
Long Blades    | 1 2 3 |  3.8
Axes           | 1 2 3 |  3.8
Maces & Flails | 1 2 3 |  3.8
Polearms       | 1 2 3 |  3.8
Staves         | 1 2 3 |  3.8
Ranged Weapons | 1 2 3 |  3.8
Stealth        | 1 2 3 |  3.8
Shields        | 1 2 3 |  3.8
Evocations     | 1 2 3 |  3.8
Shapeshifting  | 1 2 3 |  3.5
Spellcasting   | 3 4 |  4.8
Conjurations   | 1 2 3 |  3.1
Hexes          | 1 2 3 |  3.1
Summonings     | 1 2 3 |  3.1
Necromancy     | 1 2 3 |  3.1
Translocations | 1 2 3 |  3.1
Fire Magic     | 1 2 3 |  3.1
Ice Magic      | 1 2 3 |  3.1
Air Magic      | 1 2 3 |  3.1
Earth Magic    | 1 2 3 |  3.1
Poison Magic   | 1 2 3 |  3.1
Throwing       | 3 4 |  4.7
Armour         | 3 4 |  4.7
Dodging        | 5 6 |  6.0
Unarmed Combat | 5 6 |  6.0
Transmutations | 6 |  6.3

Action                     |  1- 3 |  4- 6 |  7- 9 || total
---------------------------+-------+-------+-------++-------
  Melee: Dagger            |    24 |       |       ||    24
         Bite              |     4 |     5 |    10 ||    19
         Spear             |    23 |    70 |    79 ||   172
         Punch             |       |     2 |     3 ||     5
   Cast: Sting             |    73 |   107 |   121 ||   301
  Evoke: Wand              |       |       |     4 ||     4
    Use: Scroll            |       |     2 |     3 ||     5
   Stab: Sleeping          |       |     2 |       ||     2
         Distracted        |       |       |     1 ||     1
 Armour: Robe              |    32 |    18 |       ||    50
         Leather armour    |       |    20 |    72 ||    92
  Dodge: Dodged            |    58 |    79 |    77 ||   214
  Block: Other             |       |     9 |    29 ||    38
         Reflection        |       |     1 |     3 ||     4

Table legend: (Time is in decaauts)
 A = Elapsed time spent in this place.
 B = Non-inter-level travel time spent in this place.
 C = Inter-level travel time spent in this place.
 D = Time resting spent in this place.
 E = Time spent auto-exploring this place.
 F = Levels seen in this place.
 G = Mean time per level.
                   A        B        C        D        E       F      G
               +--------+--------+--------+--------+--------+-----+--------+
         Total |   7352 |   6965 |    387 |      0 |   5921 |   7 | 1050.3 |
       Dungeon |   7320 |   6965 |    355 |      0 |   5921 |   6 | 1220.0 |
        Temple |     32 |      1 |     31 |      0 |      0 |   1 |   32.0 |
               +--------+--------+--------+--------+--------+-----+--------+

Top non-repeatable levels by time:
     D:4: 2036 daAuts
     D:5: 1637 daAuts
     D:3: 1312 daAuts
     D:1: 1200 daAuts
     D:2: 749 daAuts
     D:6: 382 daAuts
  Temple: 32 daAuts
